cohdb
Replays
Latest Replays
All Replays
Popular Replays
Top Player Replays
Match Explorer
How It Works
Community
CoH3 Stats
Reddit
Sign in to upload your games and track your stats! →
Sign in with Steam
Match 42906656
Unlisted
Match 42906656
Overview
Messages
Build Orders
End
Construct Infanterie Kompanie
Kettenkrad Recon Vehicle
MG 42 Machine Gun Team
Grenadier Squad
Grenadier Squad
Selects Mechanized Battlegroup
Construct Panzergrenadier Kompanie
MG 42 Machine Gun Team
Panzergrenadier Squad
Pak 40 Anti-tank Gun Team
Selects Raid Package
Medical Station
AI Takeover
Microsoft 365® Excel
XellosSlayer
Frontline Commander
Gluk Gluk 3000
killall
TidaL
mrkuerbis
Decafade
0
0
Comments
sign in to comment!
No comments posted yet!